 Dungeon Crawl Stone Soup version 0.19.4-8-ga85b6b9 (webtiles) character file.

238 JNO the Sneak (level 5, 0/28 HPs)
             Began as a Deep Elf Fire Elementalist on Feb 13, 2017.
             Slain by a killer bee (6 damage)
             ... on level 4 of the Dungeon.
             The game lasted 00:20:19 (3711 turns).

JNO the Sneak (Deep Elf Fire Elementalist)          Turns: 3711, Time: 00:20:19

Health: 0/28       AC:  2    Str:  5    XL:     5   Next: 78%
Magic:  11/12      EV: 13    Int: 21    God:
Gold:   131        SH:  5    Dex: 15    Spells: 2 memorised, 8 levels left

rFire  + . .     SeeInvis .     o - +0 dagger (venom)
rCold  x . .     Gourm    .     a - +0 robe
rNeg   . . .     Faith    .     h - +2 buckler
rPois  .         Spirit   .     (no helmet)
rElec  .         Reflect  .     (no cloak)
rCorr  .         Harm     .     (no gloves)
MR     .....                    (no boots)
Stlth  +++.......               (no amulet)
                                (no ring)
                                i - ring of fire

@: lethally poisoned (0 -> -4), about to teleport, very slightly contaminated
A: no striking features
a: no special abilities


You were on level 4 of the Dungeon.
You were not hungry.

You visited 1 branch of the dungeon, and saw 4 of its levels.

You collected 131 gold pieces.

Inventory:

Hand Weapons
 o - a +0 dagger of venom (weapon)
Armour
 a - a +0 robe (worn)
 h - a +2 buckler (worn)
Jewellery
 i - a ring of fire (left hand)
Scrolls
 f - 2 scrolls of identify
 g - 2 scrolls of teleportation
Potions
 d - 2 potions of brilliance {unknown}
 j - a potion of haste
 n - a potion of lignification {unknown}
 r - 2 potions of heal wounds {unknown}
Books
 b - a book of Flames

   Spells                             Type                      Level
   a - Flame Tongue                   Conjuration/Fire             1
   b - Throw Flame                    Conjuration/Fire             2
   c - Conjure Flame                  Conjuration/Fire             3
   d - Inner Flame                    Hexes/Fire                   3
   e - Sticky Flame                   Conjuration/Fire             4
   f - Fireball                       Conjuration/Fire             5
Comestibles
 c - 2 bread rations
 m - 2 chunks of flesh
 q - 2 meat rations


   Skills:
 - Level 3.1 Dodging
 + Level 4.7 Stealth
 - Level 3.5 Spellcasting
 + Level 3.5 Conjurations
 + Level 4.5 Fire Magic


You had 8 spell levels left.
You knew the following spells:

 Your Spells              Type           Power        Failure   Level  Hunger
a - Flame Tongue          Conj/Fire      ####.        6%          1    None
b - Throw Flame           Conj/Fire      ####..       10%         2    ##.....


Dungeon Overview and Level Annotations

Branches:
Dungeon (4/15)
 Temple: D:4-7

Altars:
Gozag
Kikubaaqudgha
Trog
Uskayaw

Annotations:
D:2 1 runed door, exclusion: door, Natasha


Message History

An orc comes into view. It is wielding a hand axe.
You feel sick. You block the killer bee's attack. The killer bee misses you.
The killer bee completely misses you.
An orc comes into view. It is wielding a dagger of venom.
The killer bee misses you. You block the killer bee's attack.
The killer bee stings you but does no damage.
The killer bee barely misses you.
Blink to where?
Press: ? - help, Dir - move target cursor, p - killer bee You are very lightly contaminated with residual magic.
As you read the scroll of blinking, it crumbles to dust.
You feel sick.
You feel sick.
You feel sick. The killer bee completely misses you.
You feel sick. The killer bee stings you.
* * * LOW HITPOINT WARNING * * *
The killer bee barely misses you.
As you read the scroll of teleportation, it crumbles to dust.
You feel strangely unstable. The killer bee stings you.
You die...

#..≈≈...⌠....#
##......y....# #.
#...y##y.#### #.
###..##.## #.##
#......# #.#.
#..#.yy## .# #...
...##.#y#### #.#
###.. ###
#.#...y## #.##.#
#...< #.####y@#
#.##># #..##. #.
##.# #.##.#.. #.
#. #.## #..... #.
#. #..###..#.# #.
#. ##......#.# #.
#####.##.# #.
#.##.########
#.......(..##
..........#####...


You could see 4 killer bees.

Vanquished Creatures
  2 orc priests (D:3)
  A worker ant (D:3)
  7 adders
  4 worms
  4 dart slugs
  A leopard gecko (D:3)
  7 orcs (D:3)
  7 bats
  5 giant cockroaches
  2 goblins
  4 hobgoblins
  5 jackals
  2 ball pythons
  4 frilled lizards
  8 kobolds
  2 leopard gecko skeletons (D:4)
  10 rats
75 creatures vanquished.

Notes
Turn   | Place    | Note
-------+----------+-------------------------------------------
     0 | D:1      | JNO the Deep Elf Fire Elementalist began the quest for the Orb.
     0 | D:1      | Reached XP level 1. HP: 10/10 MP: 6/6
   398 | D:1      | Reached XP level 2. HP: 15/15 MP: 5/8
   770 | D:2      | Reached XP level 3. HP: 19/19 MP: 4/9
  1197 | D:2      | Noticed Natasha
  1492 | D:2      | Learned a level 2 spell: Throw Flame
  1571 | D:2      | Found a runed door.
  1901 | D:3      | Reached XP level 4. HP: 24/24 MP: 6/11
  2014 | D:3      | Noticed a moth of wrath
  2017 | D:3      | Found a bloodstained altar of Trog.
  2694 | D:3      | Reached XP level 5. HP: 28/28 MP: 2/12
  2778 | D:3      | Noticed a hand axe
  2778 | D:3      | Noticed an enchanted hand axe
  2782 | D:3      | Found a hide-covered altar of Uskayaw.
  3168 | D:3      | Found an opulent altar of Gozag.
  3681 | D:4      | Found an ancient bone altar of Kikubaaqudgha.
  3711 | D:4      | Slain by a killer bee

Skill      XL: |  1  2  3  4 |
---------------+-------------+-----
Stealth        | 3 4 |  4.7
Dodging        | 3 |  3.1
Conjurations   | 2 3 |  3.5
Fire Magic     | 4 |  4.5
Spellcasting   | |  3.5

Action                   |  1- 3 |  4- 6 || total
-------------------------+-------+-------++-------
Melee: Unarmed           |     2 |       ||     2
       Dagger            |       |     4 ||     4
 Cast: Flame Tongue      |    58 |    55 ||   113
       Throw Flame       |     2 |    35 ||    37
  Use: Scroll            |       |     8 ||     8
  Eat: Chunk             |     2 |     3 ||     5
       Bread ration      |       |     1 ||     1
Armor: Robe              |     3 |     9 ||    12
Dodge: Dodged            |    13 |    23 ||    36
Block: Buckler           |     4 |    18 ||    22
